 Dungeon Crawl Stone Soup version 0.23-a0-808-gd21de94 (webtiles) character file.

254 Gildeon the Skirmisher (level 6, -4/40 HPs)
             Began as a Gargoyle Fighter on Jan 20, 2019.
             Was an Initiate of Ashenzari.
             Slain by an iguana (5 damage)
             ... on level 4 of the Dungeon.
             The game lasted 00:10:18 (2978 turns).

Gildeon the Skirmisher (Gargoyle Fighter)           Turns: 2978, Time: 00:10:19

Health: -4/40      AC: 12    Str: 25    XL:     6   Next: 14%
Magic:  6/6        EV:  7    Int:  9    God:    Ashenzari [......]
Gold:   124        SH: 10    Dex: 10    Spells: 5/5 levels left

rFire    . . .     SeeInvis .   a - +0 flail
rCold    + . .     Gourm    +   c - +0 shield
rNeg     + . .     Faith    .   g - +0 scale mail {rC+}
rPois    ∞         Spirit   .   x - +0 helmet
rElec    +         Reflect  .   (no cloak)
rCorr    .         Harm     .   (no gloves)
MR       .....                  (no boots)
Stlth    ..........             l - amulet of the gourmand
HPRegen  0.13/turn              y - +2 ring of slaying
MPRegen  0.10/turn              (no ring)

@: mighty
A: negative energy resistance 1, electricity resistance, unbreathing,
petrification resistance, rot immunity, AC +4
a: Curse Item, Renounce Religion


You were on level 4 of the Dungeon.
You worshipped Ashenzari.
Ashenzari was noncommittal.
You were completely stuffed.

You visited 1 branch of the dungeon, and saw 4 of its levels.

You collected 124 gold pieces.

Inventory:

Hand Weapons
 a - a +0 flail (weapon)
Missiles
 s - 62 stones (quivered)
Armour
 c - a +0 shield (worn)
 g - a +0 scale mail of cold resistance (worn)
 x - a +0 helmet (worn)
Jewellery
 k - an uncursed ring of ice
 l - an amulet of the gourmand (around neck)
 y - a +2 ring of slaying (left hand)
Wands
 w - a wand of clouds (4)
Scrolls
 h - 2 scrolls of magic mapping {unknown}
 j - a scroll of fog {unknown}
 n - a scroll of identify {unknown}
 p - 2 scrolls of remove curse
 q - 3 scrolls of teleportation {unknown}
 v - a scroll of amnesia {unknown}
Potions
 b - a potion of flight {unknown}
 e - a potion of curing {unknown}
 i - a potion of lignification {unknown}
 m - a potion of invisibility {unknown}
 o - a potion of degeneration {unknown}
 r - 2 potions of agility {unknown}
 t - 3 potions of resistance {unknown}
Comestibles
 f - 5 rations
 u - a chunk of flesh


   Skills:
 + Level 4.9 Fighting
 + Level 3.9 Maces & Flails
 - Level 3.5 Armour
 + Level 4.7 Shields


You had 5 spell levels left.
You didn't know any spells.
Your spell library was empty.

Dungeon Overview and Level Annotations

Branches:
Dungeon (4/15)
 Temple: D:4-7

Altars:
Ashenzari

Annotations:
D:3 1 runed door, Voker57's ghost, amateur DsGl


Innate Abilities, Weirdness & Mutations

You are resistant to torment.
Your stone body is resilient. (AC +4)
You are immune to poison.
You resist negative energy. (rN+)
You are resistant to electric shocks. (rElec)
You can survive without breathing.
You are immune to petrification.
You are immune to rotting.


Message History

* * * LOW HITPOINT WARNING * * *
The giant cockroach bites you but does no damage.
Your shield and scale mail prevent you from hitting the worker ant.
The giant cockroach bites you but does no damage.
You block the worker ant's attack. You block the giant cockroach's attack.
The giant cockroach barely misses you.
The worker ant bites you but does no damage.
You block the worker ant's attack. The worker ant barely misses you.
You closely miss the worker ant.
The giant cockroach bites you but does no damage. x2
You block the worker ant's attack. x3
The giant cockroach bites you but does no damage. x2
The howler monkey hits you but does no damage.
Unknown command.
You closely miss the worker ant. You block the worker ant's attack.
The worker ant bites you but does no damage. x2
The giant cockroach barely misses you. You block the howler monkey's attack.
The giant cockroach completely misses you.
The iguana bites you.
You die...

#.#.###.#######.......(....
#.#....÷.....##..........#
#.######.....##..........#
#.######.....##..........#
.............##...†......#
..............#.......$..#
..............#.h........#
..............#sas.......#
........#####.#a@a.......#
........# #.#.lh.......#
........# #.#.o........#
........#####'#..........#
........#................#
........#.......######.###
........#[......# .#
........#........ .#
........#.......##


You could see a howler monkey, an iguana, a hound, 3 worker ants, an orc and 2
giant cockroaches.

Vanquished Creatures
  Ijyb (D:3)
  A worker ant (D:3)
  Robin (D:3)
  9 adders
  2 oozes (D:1)
  An adder skeleton (D:4)
  A worm (D:4)
  2 dart slugs
  3 leopard geckos
  An orc (D:3)
  11 bats
  7 giant cockroaches
  17 goblins
  9 hobgoblins
  9 kobolds
  3 quokkas
  3 ball pythons
  3 frilled lizards
  9 rats
93 creatures vanquished.

Notes
Turn   | Place    | Note
-------+----------+-------------------------------------------
     0 | D:1      | Gildeon the Gargoyle Fighter began the quest for the Orb.
     0 | D:1      | Reached XP level 1. HP: 14/14 MP: 1/1
    73 | D:1      | Reached XP level 2. HP: 9/19 MP: 2/2
   704 | D:1      | Reached XP level 3. HP: 22/24 MP: 3/3
  1122 | D:2      | Reached XP level 4. HP: 26/29 MP: 4/4
  1637 | D:3      | Reached XP level 5. HP: 33/34 MP: 5/5
  1901 | D:3      | Found a shattered altar of Ashenzari.
  1944 | D:3      | Became a worshipper of Ashenzari the Shackled
  1993 | D:3      | Noticed Ijyb
  1999 | D:3      | Killed Ijyb
  2055 | D:3      | Noticed Robin
  2116 | D:3      | Killed Robin
  2541 | D:3      | Found a runed door.
  2542 | D:3      | Noticed Voker57's ghost (amateur DsGl)
  2669 | D:3      | Reached XP level 6. HP: 38/40 MP: 6/6
  2975 | D:4      | HP: 1/40 [worker ant (3)]
  2978 | D:4      | Slain by an iguana

Vault maps used:
D:1:      dpeg_arrival_yet_another_circle, minmay_unequal
D:3:      ebering_ghost_reflecting_pool, evilmike_ruin_ashenzari, uniq_ijyb,
          uniq_robin

Skill      XL: |  1  2  3  4 |
---------------+-------------+-----
Fighting       | 4 |  4.9
Maces & Flails | 3 |  3.9
Shields        | 4 |  4.7
Armour         | |  3.5

Action                   |  1- 3 |  4- 6 || total
-------------------------+-------+-------++-------
Melee: Flail             |   146 |   277 ||   423
  Use: Potion            |       |     1 ||     1
  Eat: Chunk             |    15 |     9 ||    24
Armor: Scale mail        |   112 |   188 ||   300
Dodge: Dodged            |    79 |   130 ||   209
Block: Shield            |    92 |   181 ||   273

Table legend:
 A = Non-vault XP
 B = Vault XP
 C = Vault XP percentage of total XP
 D = Non-vault monster count
 E = Vault monster count
 F = Vault count percentage of total count
                 A         B        C        D         E       F
            +---------+---------+-------+---------+---------+-------
      Total |     288 |      75 |  20.7 |      77 |      16 |  17.2
            +---------+---------+-------+---------+---------+-------
        D:1 |      66 |       2 |   2.9 |      31 |       2 |   6.1
        D:2 |      95 |       0 |   0.0 |      18 |       0 |   0.0
        D:3 |      99 |      73 |  42.4 |      23 |      14 |  37.8
        D:4 |      28 |       0 |   0.0 |       5 |       0 |   0.0
            +---------+---------+-------+---------+---------+-------
